General information
- name: BNet
- type: Ladder team game (AT/RT)
- host: Battle.net
- saver: DSSN
map: Deadlock
- players: 8
- length: 14:15
- speed: Fast
- version: 1.26 W3XP
- replay type: Public
» download(101 KB)
Players
team 1 (loser)
fa-ja (
orange | 43 APM | 610 actions | 14:14)
3 Paladin
1 Holy Light
1 Divine Shield
1 Devotion Aura
1 Mountain King
1 Storm Bolt
» actions
| Build / train | 62 | |
| Enter build submenu | 23 | |
| Enter hero's abilities submenu | 4 | |
| Remove unit from queue | 1 | |
| Right click | 215 | |
| Select / deselect | 254 | |
| Use ability | 51 | |
610 total
» units
| Peasant | 26 | |
| Footman | 9 | |
| Rifleman | 2 | |
| Siege Engine | 1 | |
| Knight | 3 | |
41 total
» upgrades
| Plating | 1 | |
| Swords | 1 | |
| Barrage | 1 | |
| Animal War Training | 1 | |
4 total
» buildings
| Barracks | 2 | |
| Farm | 10 | |
| Altar of Kings | 1 | |
| Town Hall | 3 | |
| Arcane Vault | 1 | |
| Lumber Mill | 1 | |
| Keep | 1 | |
| Blacksmith | 1 | |
| Castle | 1 | |
| Workshop | 1 | |
| Tree of Eternity | 1 | |
23 total
» build order
00:17 Barracks
00:24 Farm
00:26 Farm
00:47 Altar of Kings
02:01 Farm
02:13 Farm
03:39 Town Hall
03:51 Arcane Vault
04:16 Lumber Mill
05:28 Keep
05:46 Blacksmith
05:49 Barracks
08:13 Castle
08:28 Farm
08:33 Farm
08:35 Farm
10:03 Town Hall
10:08 Workshop
11:33 Farm
12:02 Town Hall
12:23 Tree of Eternity
14:04 Farm
14:06 Farm
» items
| Scroll of Regeneration | 2 | |
| Lesser Clarity Potion | 4 | |
6 total

»
KENT_S.O.S. (
purple | 47 APM | 664 actions | 14:13)
3 Priestess of the Moon
2 Trueshot Aura
1 Searing Arrows
» actions
| Assign group hotkey | 15 | |
| Build / train | 60 | |
| ESC pressed | 1 | |
| Enter build submenu | 21 | |
| Enter hero's abilities submenu | 3 | |
| Remove unit from queue | 1 | |
| Right click | 151 | |
| Select / deselect | 135 | |
| Select group hotkey | 245 | |
| Use ability | 32 | |
664 total
» units
| Wisp | 28 | |
| Archer | 11 | |
| Hippogryph | 3 | |
42 total
» upgrades
| Improved Bows | 1 | |
| Strength of the Moon | 3 | |
| Hippogryph Taming | 1 | |
| Moon Armor | 1 | |
6 total
» buildings
| Moon Well | 5 | |
| Ancient of War | 1 | |
| Altar of Elders | 1 | |
| Tree of Ages | 3 | |
| Hunter's Hall | 1 | |
| Tree of Life | 1 | |
| Ancient Protector | 5 | |
| Ancient of Wind | 2 | |
| Ancient of Wonders | 2 | |
21 total
» build order
00:51 Moon Well
00:53 Moon Well
01:08 Ancient of War
01:19 Moon Well
01:36 Altar of Elders
02:56 Tree of Ages
05:54 Hunter's Hall
06:00 Tree of Life
06:35 Moon Well
07:07 Ancient Protector
07:12 Ancient Protector
07:15 Ancient Protector
07:20 Ancient Protector
07:43 Moon Well
07:56 Ancient of Wind
07:59 Ancient of Wind
09:05 Ancient of Wonders
09:45 Tree of Ages
11:11 Ancient of Wonders
12:54 Ancient Protector
» items
| Boots of Speed | 1 | |
| Scroll of Town Portal | 1 | |
2 total

»
is)JEDI[yoda (
pink | 53 APM | 748 actions | 14:03)
3 Death Knight
2 Death Coil
1 Unholy Aura
» actions
| Assign group hotkey | 15 | |
| Basic commands | 1 | |
| Build / train | 47 | |
| Enter build submenu | 17 | |
| Enter hero's abilities submenu | 3 | |
| Remove unit from queue | 1 | |
| Right click | 267 | |
| Select / deselect | 130 | |
| Select group hotkey | 231 | |
| Use ability | 36 | |
748 total
» units
| Acolyte | 14 | |
| Ghoul | 6 | |
| Frost Wyrm | 3 | |
| Huntress | 9 | |
32 total
» upgrades
| Freezing Breath | 1 | |
| Creature Attack | 1 | |
| Creature Carapace | 1 | |
3 total
» buildings
| Crypt | 1 | |
| Ziggurat | 4 | |
| Graveyard | 1 | |
| Altar of Darkness | 1 | |
| Tomb of Relics | 1 | |
| Halls of the Dead | 1 | |
| Nerubian Tower | 1 | |
| Black Citadel | 1 | |
| Sacrificial Pit | 1 | |
| Spirit Tower | 1 | |
| Boneyard | 2 | |
| Ancient of War | 1 | |
| Moon Well | 1 | |
| Ancient of Wonders | 1 | |
| Ancient of Wind | 1 | |
19 total
» build order
00:15 Crypt
00:21 Ziggurat
01:16 Graveyard
01:20 Altar of Darkness
02:17 Tomb of Relics
02:53 Halls of the Dead
03:03 Ziggurat
03:08 Nerubian Tower
03:38 Ziggurat
03:48 Ziggurat
05:14 Black Citadel
05:24 Sacrificial Pit
06:27 Spirit Tower
07:46 Boneyard
07:50 Boneyard
10:22 Ancient of War
10:31 Moon Well
11:42 Ancient of Wonders
12:17 Ancient of Wind
» items
| Rod of Necromancy | 2 | |
| Potion of Healing | 1 | |
3 total
Lama (
blue | 28 APM | 271 actions | 09:36)
2 Demon Hunter
1 Immolation
1 Mana Burn
» actions
| Build / train | 18 | |
| Enter build submenu | 9 | |
| Enter hero's abilities submenu | 2 | |
| Right click | 140 | |
| Select / deselect | 86 | |
| Use ability | 14 | |
271 total
» units
» buildings
| Altar of Elders | 1 | |
| Moon Well | 4 | |
| Ancient of War | 1 | |
| Hunter's Hall | 1 | |
7 total
» build order
00:39 Altar of Elders
00:52 Moon Well
01:11 Ancient of War
01:58 Moon Well
02:52 Moon Well
03:16 Hunter's Hall
04:04 Moon Well
team 2 (winner)

»
Zilvinazas (
red | 68 APM | 966 actions | 14:15)
4 Blademaster
2 Wind Walk
2 Critical Strike
1 Shadow Hunter
1 Hex
» actions
| Assign group hotkey | 15 | |
| Build / train | 54 | |
| Enter build submenu | 14 | |
| Enter hero's abilities submenu | 5 | |
| Give item / drop item | 2 | |
| Right click | 484 | |
| Select / deselect | 202 | |
| Select group hotkey | 135 | |
| Use ability | 55 | |
966 total
» units
| Peon | 15 | |
| Grunt | 4 | |
| Shaman | 4 | |
| Tauren | 3 | |
26 total
» upgrades
| Armor | 2 | |
| Melee Weapons | 2 | |
| Shaman Training | 2 | |
6 total
» buildings
| Altar of Storms | 1 | |
| Orc Burrow | 6 | |
| Barracks | 1 | |
| Voodoo Lounge | 1 | |
| War Mill | 1 | |
| Stronghold | 1 | |
| Great Hall | 1 | |
| Fortress | 1 | |
| Spirit Lodge | 1 | |
| Tauren Totem | 2 | |
16 total
» build order
00:21 Altar of Storms
00:35 Orc Burrow
00:51 Barracks
01:35 Orc Burrow
01:55 Voodoo Lounge
02:34 War Mill
03:21 Stronghold
05:18 Great Hall
06:03 Orc Burrow
06:05 Orc Burrow
06:09 Fortress
07:16 Spirit Lodge
07:19 Orc Burrow
11:05 Tauren Totem
11:05 Tauren Totem
14:05 Orc Burrow
» items
| Healing Salve | 5 | |
| Lesser Clarity Potion | 3 | |
| Orb of Lightning | 1 | |
| Potion of Healing | 3 | |
| Scroll of Town Portal | 1 | |
13 total
westbamchicK (
yellow | 76 APM | 1081 actions | 14:15)
3 Priestess of the Moon
1 Searing Arrows
2 Trueshot Aura
» actions
| Assign group hotkey | 5 | |
| Basic commands | 30 | |
| Build / train | 47 | |
| Enter build submenu | 16 | |
| Enter hero's abilities submenu | 3 | |
| Right click | 422 | |
| Select / deselect | 104 | |
| Select group hotkey | 427 | |
| Use ability | 27 | |
1081 total
» units
» upgrades
| Reinforced Hides | 3 | |
| Corrosive Breath | 1 | |
4 total
» buildings
| Moon Well | 6 | |
| Altar of Elders | 1 | |
| Hunter's Hall | 1 | |
| Ancient Protector | 3 | |
| Tree of Ages | 3 | |
| Tree of Eternity | 3 | |
| Ancient of Wind | 1 | |
| Chimaera Roost | 3 | |
21 total
» build order
00:20 Moon Well
00:34 Altar of Elders
01:31 Hunter's Hall
02:35 Ancient Protector
02:38 Ancient Protector
02:40 Ancient Protector
03:20 Tree of Ages
03:21 Tree of Ages
03:23 Moon Well
03:26 Moon Well
04:21 Moon Well
05:14 Moon Well
05:41 Tree of Eternity
05:41 Tree of Eternity
06:24 Ancient of Wind
08:17 Chimaera Roost
08:18 Chimaera Roost
08:19 Chimaera Roost
10:10 Moon Well
» items

»
Ground.Hero (
green | 60 APM | 861 actions | 14:15)
4 Death Knight
2 Death Coil
1 Unholy Aura
1 Death Pact
1 Lich
1 Frost Nova
» actions
| Assign group hotkey | 7 | |
| Basic commands | 105 | |
| Build / train | 68 | |
| Enter build submenu | 17 | |
| Enter hero's abilities submenu | 5 | |
| Remove unit from queue | 1 | |
| Right click | 374 | |
| Select / deselect | 220 | |
| Select group hotkey | 17 | |
| Use ability | 47 | |
861 total
» units
| Acolyte | 7 | |
| Ghoul | 4 | |
| Crypt Fiend | 12 | |
| Obsidian Statue | 3 | |
| Frost Wyrm | 1 | |
27 total
» upgrades
| Creature Attack | 2 | |
| Creature Carapace | 2 | |
| Web | 1 | |
| Destroyer Form | 1 | |
6 total
» buildings
| Graveyard | 1 | |
| Crypt | 1 | |
| Altar of Darkness | 1 | |
| Ziggurat | 7 | |
| Tomb of Relics | 1 | |
| Nerubian Tower | 3 | |
| Halls of the Dead | 3 | |
| Black Citadel | 4 | |
| Slaughterhouse | 1 | |
| Sacrificial Pit | 1 | |
| Boneyard | 2 | |
25 total
» build order
00:18 Graveyard
00:20 Crypt
00:40 Altar of Darkness
00:56 Ziggurat
01:13 Ziggurat
01:41 Tomb of Relics
02:08 Nerubian Tower
02:08 Nerubian Tower
02:08 Nerubian Tower
03:27 Halls of the Dead
03:28 Halls of the Dead
04:04 Ziggurat
04:50 Ziggurat
07:35 Black Citadel
07:35 Black Citadel
07:36 Black Citadel
08:37 Slaughterhouse
08:38 Ziggurat
09:00 Ziggurat
10:07 Ziggurat
11:01 Sacrificial Pit
11:51 Boneyard
11:52 Boneyard
» items
| Rod of Necromancy | 3 | |
| Scroll of Town Portal | 3 | |
| Potion of Healing | 1 | |
| Orb of Corruption | 1 | |
| Scroll of Healing | 1 | |
| Scroll of Speed | 1 | |
10 total

»
DSSN (
teal | 95 APM | 1355 actions | 14:15)
4 Blood Mage
2 Flame Strike
2 Siphon Mana
» actions
| Assign group hotkey | 22 | |
| Basic commands | 31 | |
| Build / train | 122 | |
| Enter build submenu | 35 | |
| Enter hero's abilities submenu | 4 | |
| Give item / drop item | 6 | |
| Right click | 515 | |
| Select / deselect | 234 | |
| Select group hotkey | 321 | |
| Use ability | 65 | |
1355 total
» units
| Peasant | 30 | |
| Footman | 10 | |
| Dragonhawk Rider | 6 | |
| Gryphon Rider | 1 | |
47 total
» upgrades
| Defend | 1 | |
| Masonry | 3 | |
| Swords | 3 | |
| Armor | 2 | |
| Lumber Harvesting | 2 | |
| Animal War Training | 1 | |
| Cloud | 1 | |
| Storm Hammers | 1 | |
14 total
» buildings
| Altar of Kings | 1 | |
| Barracks | 1 | |
| Farm | 8 | |
| Scout Tower | 13 | |
| Arcane Tower | 8 | |
| Arcane Vault | 1 | |
| Town Hall | 1 | |
| Lumber Mill | 1 | |
| Blacksmith | 1 | |
| Keep | 3 | |
| Guard Tower | 21 | |
| Castle | 3 | |
| Gryphon Aviary | 2 | |
64 total
» build order
00:03 Altar of Kings
00:08 Barracks
00:11 Farm
00:47 Farm
01:26 Scout Tower
01:53 Farm
02:11 Arcane Tower
02:11 Arcane Tower
03:14 Arcane Vault
03:49 Town Hall
04:19 Farm
04:53 Scout Tower
04:55 Scout Tower
05:20 Arcane Tower
05:37 Lumber Mill
05:48 Blacksmith
06:04 Keep
06:04 Keep
06:04 Keep
06:46 Scout Tower
06:49 Scout Tower
06:51 Scout Tower
07:16 Guard Tower
07:16 Guard Tower
07:17 Guard Tower
07:18 Guard Tower
07:25 Arcane Tower
07:36 Scout Tower
07:39 Scout Tower
08:08 Guard Tower
08:08 Guard Tower
08:08 Guard Tower
08:08 Guard Tower
08:11 Scout Tower
09:02 Castle
09:02 Castle
09:07 Gryphon Aviary
09:21 Gryphon Aviary
09:23 Guard Tower
09:27 Scout Tower
09:32 Scout Tower
10:00 Guard Tower
10:00 Guard Tower
10:03 Guard Tower
10:16 Scout Tower
10:53 Guard Tower
10:53 Guard Tower
10:59 Farm
11:03 Farm
11:12 Farm
11:46 Scout Tower
12:27 Guard Tower
14:13 Farm
» items
| Scroll of Regeneration | 3 | |
| Boots of Speed | 1 | |
| Staff of Teleportation | 1 | |
| Periapt of Vitality | 1 | |
| Lesser Clarity Potion | 3 | |
| Scroll of Town Portal | 1 | |
| Potion of Lesser Invulnerability | 1 | |
| Potion of Invisibility | 2 | |
13 total
Chat log
(02:06 / Allies) DSSN: ?
(03:26 / Allies) DSSN: 100 wood please
(03:29 / Allies) DSSN: for my expo
(03:49 / Allies) DSSN: ty
(06:41 / Allies) DSSN: omw
(07:21 / Allies) Ground.Hero: pink fast wyrm
(08:45 / Allies) Ground.Hero: b
(11:39 / Allies) Ground.Hero: go all?
(12:10 / Allies) Zilvinazas: get aa
(12:15 / Allies) Ground.Hero: yellow go
(12:16 / Allies) DSSN: I got dhawks
(12:49 / Allies) Ground.Hero: yellow !!
(13:05 / Allies) Ground.Hero: fadt main
(13:27 / Allies) Ground.Hero: MAIN
(13:27 / Allies) Zilvinazas: ty team
(13:28 / Allies) Ground.Hero: NOOB
(13:29 / Allies) Ground.Hero: MAIN